 Dungeon Crawl Stone Soup version 0.28.0-53-g5a82cb258f (webtiles) character file.

Game seed: 8192158625253735364

7905 MalarOregon the Cruncher (level 11, -15/92 HPs)
             Began as a Palentonga Gladiator on June 10, 2022.
             Was an Elder of Lugonu.
             Shot with a bolt by an orc warlord (30 damage)
             ... in a bailey.
             The game lasted 00:28:56 (10265 turns).

MalarOregon the Cruncher (Palentonga Gladiator)    Turns: 10265, Time: 00:28:57

Health: -15/92     AC: 27    Str: 18    XL:     11   Next: 2%
Magic:  15/17      EV: 10    Int: 12    God:    Lugonu [****..]
Gold:   291        SH:  0    Dex: 18    Spells: 6/18 levels left

rFire   . . .      SeeInvis +   o - +5 quarterstaff (chaos)
rCold   . . .      Faith    .   (shield currently unavailable)
rNeg    . . .      Spirit   .   K - +0 troll leather armour
rPois   +          Reflect  .   c - +0 helmet
rElec   +          Harm     .   n - +1 cloak {rPois}
rCorr   .          Rampage  .   G - +1 pair of gloves
Will    +....                   h - +0 barding of the Maze {rElec Will+}
Stlth   +.........              (no amulet)
HPRegen 1.05/turn               J - +6 ring of dexterity
MPRegen 0.15/turn               H - +4 ring of protection

@: very slightly contaminated, curled up
A: large, rugged brown scales 3, see invisible, deformed body, roll 1, armoured
tail, reflexive curl
a: Rolling Charge, Renounce Religion, Depart the Abyss, Bend Space, Banish,
Corrupt


You were in a bailey.
You worshipped Lugonu.
Lugonu was greatly pleased with you.
You visited 2 branches of the dungeon, and saw 9 of its levels.
You also visited: Sewer and Bailey.

You collected 451 gold pieces.
You spent 160 gold pieces at shops.


Innate Abilities, Weirdness & Mutations

You are completely covered in rugged brown scales. (AC +3, +7% HP)
You have supernaturally acute eyesight. (SInv)
Armour fits poorly on your strangely shaped body.
You can roll at nearby foes to attack.
You have a long armoured tail.
You curl defensively after being hit. (AC +7*)


   Skills:
 * Level 8.0 Fighting
 * Level 8.3 Staves
 - Level 1.3 Throwing
 + Level 4.2 Armour
 + Level 5.1 Dodging
 + Level 4.1 Spellcasting
 + Level 4.1 Conjurations
 + Level 4.1 Earth Magic
 + Level 3.8 Poison Magic
 + Level 4.1 Evocations


You had 6 spell levels left.
You knew the following spells:

 Your Spells              Type           Power      Damage    Failure   Level
a - Lee's Rapid Deconstr  Erth           6%         3d7*      78%         5
x - Stone Arrow           Conj/Erth      24%        3d8       14%         3
y - Olgreb's Toxic Radia  Pois           11%        N/A       47%         4

Your spell library contained the following spells:

 Spells                   Type           Power      Damage    Failure   Level
 Static Discharge         Conj/Air       7%         N/A       17%         2
 Pain                     Necr           8%         1d4       26%         1
 Spider Form              Tmut/Pois      7%         N/A       34%         3
 Blink                    Tloc           4%         N/A       36%         2
 Ensorcelled Hibernation  Hex/Ice        4%         N/A       36%         2
 Lesser Beckoning         Tloc           2%         N/A       61%         3
 Tukima's Dance           Hex            2%         N/A       61%         3
 Sticky Flame             Conj/Fire      7%         2d3       73%         4
 Anguish                  Hex/Necr       1%         N/A       95%         4
 Dispel Undead            Necr           2%         3d7       95%         4
 Passage of Golubria      Tloc           2%         N/A       95%         4
 Lightning Bolt           Conj/Air       3%         1d15      97%         5
 Manifold Assault         Tloc           2%         N/A       100%        5
 Yara's Violent Unravell  Hex/Tmut       1%         3d3       100%        5
 Maxwell's Capacitive Co  Air            1%         ∞         100%        8

Inventory:

Hand Weapons
 o - a +5 quarterstaff of chaos (weapon)
   (You took it off Crazy Yiuf on level 2 of the Dungeon)
 s - a +1 whip of electrocution
   (You took it off a gnoll on level 3 of the Dungeon)
 y - a +3 dire flail
   (You took it off a wight on level 7 of the Dungeon)
Missiles
 z - 3 throwing nets (quivered) {!f}
Armour
 c - a +0 helmet (worn)
 h - the +0 barding of the Maze (worn) {rElec Will+}
   (You acquired it on level 4 of the Dungeon)

   rElec:     It insulates you from electricity.
   Will:      It increases your willpower.
 n - a +1 cloak of poison resistance (worn)
   (You took it off Crazy Yiuf on level 2 of the Dungeon)
 G - a +1 pair of gloves (worn)
   (You found it on level 5 of the Dungeon)
 K - a +0 troll leather armour (worn)
   (You found it on level 7 of the Dungeon)
Magical Staves
 e - a staff of conjuration {!a}
   (You found it on level 7 of the Dungeon)
 j - a staff of earth
   (You found it on level 2 of the Dungeon)
Jewellery
 i - a ring of protection from fire
   (You found it on level 1 of the Dungeon)
 w - a ring of protection from fire
   (You found it on level 4 of the Dungeon)
 H - a +4 ring of protection (right hand)
   (You found it on level 6 of the Dungeon)
 J - a +6 ring of dexterity (left hand)
   (You found it on level 7 of the Dungeon)
 L - a ring of resist corrosion
   (You took it off a deep elf pyromancer on level 7 of the Dungeon)
Wands
 t - a wand of flame (31)
   (You took it off Natasha on level 2 of the Dungeon)
Scrolls
 a - a scroll of fear {unknown}
 f - 2 scrolls of teleportation {@r4}
 x - a scroll of vulnerability {unknown}
 A - 2 scrolls of fog
 E - 2 scrolls of enchant weapon
 F - 2 scrolls of blinking
Potions
 d - 3 potions of lignification {!q}
 k - 3 potions of mutation {!q}
 l - a potion of ambrosia
 m - 6 potions of haste {@q3}
 p - 4 potions of resistance
 q - a potion of invisibility
 r - 4 potions of curing {@q1}
 v - 8 potions of heal wounds {@q2}
 B - 2 potions of brilliance {unknown}
 C - a potion of flight {unknown}
 D - 4 potions of cancellation {unknown}
Miscellaneous
 b - a phantom mirror (inert)
   (You found it on level 7 of the Dungeon)

Dungeon Overview and Level Annotations

Branches:
Dungeon (8/15)             Temple (1/1) D:4           Sewer (visited)
 Bailey (1/1)
   Lair: D:8-11

Altars:
Ashenzari
Dithmenos
Elyvilon
Hepliaklqana
Kikubaaqudgha
Makhleb
Nemelex Xobeh
Ru
Sif Muna
Trog
Uskayaw
Vehumet
Wu Jian
Xom
Zin
The Shining One
Lugonu

Shops:
D:4 (!((   D:6 ***   D:7 *

Annotations:
D:5 !6h hydra

..#.......#.........#
.##.......##.......##
.#.........#.......#
##.........##....[##
#...........####o##
##.........##..).o##
.# #.......# .##
##.......## ..#
#.....@...# ..##
##.........##
...#######.....⌠.....#
..##.....##.........##
..#.......#.........#
.##.......##)......##
.+........)).......#
##.....)).)##.....##
#.....⌠.)...#######


You could see an orc warlord (agile, ally target) and a friendly orc warlord
(summoned, agile, drained).


Message History

You feel sick.
Press: ? - help, v - describe, . - travel, g - get item
Here: an orc warlord, wielding a +0 arbalest, wearing a +2 chain mail of cold resistance and quivering bolts (lightly wounded, very poisoned)
Items here: )) [[.
An open door, spattered with blood.
Unknown command.
You strike the helpless orc warlord from behind!
You thump the orc warlord!
The orc warlord suddenly seems more agile.
You feel sick.
You kill the orc!
Lugonu accepts your kill.
The orc warlord unwields a +0 arbalest.
The orc warlord wields a +3 battleaxe.
The orc warlord hits you with a +3 battleaxe.
You barely miss the orc warlord. You tail-slap the orc warlord.
You catch the helpless orc warlord completely off-guard!
You hit the orc warlord but do no damage.
You tail-slap the orc warlord, but do no damage.
You feel sick.
You hit the orc warrior.
You feel sick.
The orc warlord unwields a +3 battleaxe.
The orc warlord wields a +0 arbalest.
The orc warlord shoots a bolt.
The bolt hits the orc warrior!
The orc warrior barely misses you.
You hit the orc warrior.
You kill the orc warrior!
Lugonu accepts your kill.
You feel sick.
You are no longer poisoned.
You catch the helpless orc warrior completely off-guard!
You hit the orc warrior but do no damage.
The orc warrior barely misses you.
The orc warlord shoots a bolt.
The bolt barely misses the orc warrior.
The bolt hits you!!
You thump the orc warrior! The orc warrior closely misses you.
You hit the orc warrior. You tail-slap the orc warrior.
You kill the orc warrior!
Lugonu accepts your kill.
Roll where?
Press: ? - help, Dir - move target, f - orc warlord
Aim: an orc warlord, wielding a +0 arbalest, wearing a +2 chain mail of cold resistance and quivering bolts (lightly wounded, unusually agile, poisoned)
You roll forward with a clatter of scales!
You closely miss the orc warlord.
Your tail-slap misses the orc warlord.
The orc warlord unwields a +0 arbalest.
The orc warlord wields a +3 battleaxe.
The orc warlord hits you with a +3 battleaxe!!
* * * LOW HITPOINT WARNING * * *
You closely miss the orc warlord.
Your tail-slap misses the orc warlord.
The orc warlord hits you with a +3 battleaxe!
* * * LOW HITPOINT WARNING * * *
Press: ? - help, Shift-Dir - straight line, f/p - orc warlord
Aim: an orc warlord, wielding a +3 battleaxe, wearing a +2 chain mail of cold resistance and quivering bolts (lightly wounded, unusually agile, poisoned, chance to affect: 46%)
Okay, then.
Unknown command.
Okay, then.
Unknown command.
The orc warlord unwields a +3 battleaxe.
The orc warlord wields a +0 arbalest.
The orc warlord shoots a bolt.
The bolt barely misses you.
The orc warlord looks more healthy.
Items here: )) [[.
There is an open door, spattered with blood here.
Things that are here:
a +0 hand axe; a +0 leather armour; an orc corpse You close the door, pushing everything out of the way.
You see here a +0 leather armour.
An orc warlord opens the door.
You close the door.
An orc warlord opens the door.
You close the door.
An orc warlord opens the door.
You close the door.
An orc warlord opens the door.
You close the door.
An orc warlord breaks down the door.
It's broken and can't be closed.
The orc warlord shoots a bolt.
The bolt hits you but does no damage.
The orc warlord shoots a bolt.
The bolt hits you.
* * * LOW HITPOINT WARNING * * *
There is an open door here.
Items here: )) [[.
Things that are here:
a +0 war axe; a +0 chain mail; an orc skeleton You close the door, pushing everything out of the way.
Items here: )) [ ÷.
You flicker for a moment.
An orc warlord breaks down the door.
The orc warlord shoots a bolt.
The bolt hits you!!
* * * LOW HITPOINT WARNING * * *
Okay, then.
Aiming: Phantom Mirror
Press: ? - help, Dir - move target, f/p - orc warlord
Aim: an orc warlord, wielding a +0 arbalest, wearing a +2 chain mail of cold resistance and quivering bolts (unusually agile)
Okay, then.
Unknown command.
Aiming: Phantom Mirror
Press: ? - help, Dir - move target, f/p - orc warlord
Aim: an orc warlord, wielding a +0 arbalest, wearing a +2 chain mail of cold resistance and quivering bolts (unusually agile)
You reflect the orc warlord with the mirror!
The mirror clouds!
Your orc warlord unwields a +0 arbalest.
Your orc warlord wields a +3 battleaxe.
Your orc warlord hits the orc warlord with a +3 battleaxe!!
The orc warlord shoots a bolt.
The bolt closely misses you.
You flicker back into view.
The orc warlord shoots a bolt.
The bolt hits you!!
You die...

Skill      XL: |  1  2  3  4  5  6  7  8  9 10 |
---------------+-------------------------------+-----
Fighting       | 3 4 5 7 8 |  8.0
Armour         | 1 2 3 4 |  4.2
Staves         | 4 5 6 7 8 |  8.3
Dodging        | 3 4 5 |  5.1
Spellcasting   | 1 2 3 4 |  4.1
Evocations     | 1 2 3 4 |  4.1
Conjurations   | 1 2 3 4 |  4.1
Earth Magic    | 1 2 3 4 |  4.1
Poison Magic   | 1 2 3 |  3.8
Throwing       | |  1.3

Action                   |  1- 3 |  4- 6 |  7- 9 | 10-12 || total
-------------------------+-------+-------+-------+-------++-------
Melee: Quarterstaff      |    75 |   135 |   318 |   222 ||   750
       Tailslap          |     8 |    15 |    45 |    43 ||   111
Throw: Throwing net      |       |     5 |       |       ||     5
 Cast: Olgreb's Toxic Ra |       |       |       |     1 ||     1
 Abil: Rolling Charge    |     3 |     4 |     5 |     3 ||    15
Evoke: Wand              |       |       |     2 |     4 ||     6
       Phantom mirror    |       |       |       |     1 ||     1
  Use: Potion            |       |     1 |       |     1 ||     2
       Scroll            |       |       |     6 |     9 ||    15
 Stab: Sleeping          |     1 |       |     1 |       ||     2
       Distracted        |       |     1 |       |     2 ||     3
       Held in net/web   |       |     1 |       |       ||     1
       Paralysed         |       |       |    12 |    14 ||    26
       Confused          |       |       |       |     2 ||     2
       Invisible         |       |       |       |     3 ||     3
Armor: Leather armour    |     6 |       |   211 |       ||   217
       Ring mail         |     9 |    43 |       |       ||    52
       Troll leather arm |       |       |     6 |   106 ||   112
Dodge: Dodged            |    31 |    47 |   135 |    63 ||   276

Levels and vault maps discovered:
D:1:      mushboom_english_gardens, layout_basic
D:2:      layout_basic, uniq_natasha, uniq_robin, uniq_crazy_yiuf_cottage
D:3:      layout_loops_ring, shapermc_ecumenical_altar_notcrosses, hex_large,
          uniq_jessica
D:4:      layout_basic, minmay_temple_entry_steel_oval, serial_shops, shop,
          nicolae_shop_behind_doors, nicolae_shop_bloodbath_and_beyond,
          nicolae_shop_hallway_stairs, uniq_eustachio
D:5:      lemuel_ice_spiral_2, layout_basic, nicolae_elyvilon_temple_path,
          zin_scriptorium, uniq_pikel, uniq_ijyb
D:6:      layout_basic, palyth_temple_overflow_mages,
          mainiacjoe_overflow_small_starburst, cheibrodos_sewer_entry_sluice,
          nicolae_specific_store, minmay_holes, st_stairs_3,
          serial_park_tiny_pond, nicolae_shop_overcharged_wands
D:7:      minmay_the_grid_plus [minmay_the_grid_minigrid_small_alt,
          minmay_the_grid_garden, minmay_the_grid_outer_diamond,
          minmay_the_grid_dragon_a,
          minmay_the_grid_prize_four_corners_diamond_b], layout_loops_ring,
          ashenzari_conservatory_becter, serial_shops, shop
D:8:      layout_loops_corners, slow_altar_1, lemuel_zombie_altar_yredelemnul,
          kennysheep_mini_moat, enter_bailey_2, dk_noncrumbling_4, minivault_10,
          hangedman_abyss_or_decor_lesser_grid, minmay_quadrilaterals,
          uniq_joseph, uniq_maggie
Temple:   kb_corrupted_temple
Bailey:   bailey_axe_minmay_hex_keep, bailey

Notes
Turn   | Place    | Note
-------+----------+-------------------------------------------
     0 | D:1      | MalarOregon the Palentonga Gladiator began the quest for
                  | the Orb.
     0 | D:1      | Reached XP level 1. HP: 17/17 MP: 1/1
    58 | D:1      | You add the spells Stone Arrow, Spider Form, Olgreb's Toxic
                  | Radiance and Lee's Rapid Deconstruction to your library.
    58 | D:1      | Got the Incunabulum of Ashen Toxins
   255 | D:1      | Reached XP level 2. HP: 22/23 MP: 2/2
   966 | D:2      | Reached XP level 3. HP: 22/29 MP: 3/3
  1083 | D:2      | Noticed Robin
  1268 | D:2      | Noticed Natasha
  1277 | D:2      | HP: 6/29 [Natasha (8)]
  1279 | D:2      | Killed Natasha
  1279 | D:2      | HP: 2/29 [frilled lizard (1)]
  1280 | D:2      | Reached skill level 3 in Fighting
  1280 | D:2      | Reached XP level 4. HP: 2/37 MP: 4/4
  1551 | D:2      | Noticed Natasha
  1560 | D:2      | Killed Natasha
  1561 | D:2      | Reached skill level 1 in Armour
  1642 | D:2      | Noticed Natasha
  1846 | D:2      | HP: 7/37 [Natasha/puff of flame (4)]
  1847 | D:2      | HP: 2/37 [Natasha (6)]
  1857 | D:2      | Killed Natasha
  1858 | D:2      | Reached skill level 4 in Staves
  1858 | D:2      | Reached XP level 5. HP: 20/43 MP: 5/5
  2342 | D:2      | Found a runed translucent door.
  2343 | D:2      | Noticed Crazy Yiuf
  2351 | D:2      | Killed Crazy Yiuf
  2607 | D:2      | Reached skill level 3 in Dodging
  2614 | D:2      | Killed Robin
  3442 | D:3      | You pick up a book of Lightning and begin reading...
  3442 | D:3      | You add the spells Static Discharge, Lightning Bolt and
                  | Maxwell's Capacitive Coupling to your library.
  3595 | D:3      | Found a faded altar of an unknown god.
  3603 | D:3      | Reached skill level 4 in Fighting
  3612 | D:3      | Reached XP level 6. HP: 45/51 MP: 6/6
  3924 | D:3      | Noticed Jessica
  3926 | D:3      | Killed Jessica
  4054 | D:4      | Learned a level 3 spell: Stone Arrow
  4173 | D:4      | Noticed Eustachio
  4184 | D:4      | Killed Eustachio
  4185 | D:4      | Reached skill level 5 in Staves
  4193 | D:4      | Reached skill level 2 in Armour
  4193 | D:4      | Gained mutation: You curl defensively after being hit. (AC
                  | +7*) [Palentonga growth]
  4193 | D:4      | Reached XP level 7. HP: 32/58 MP: 7/7
  4372 | D:4      | Found Qamm's Weapon Shop.
  4435 | D:4      | Found Siodet's Antique Weapon Shoppe.
  4471 | D:4      | Found a staircase to the Ecumenical Temple.
  4480 | Temple   | Entered the Ecumenical Temple
  4570 | Temple   | Became a worshipper of Lugonu the Unformed
  4570 | Temple   | Reached * piety under Lugonu
  4673 | D:4      | Found Miav's Distillery.
  4678 | D:4      | Bought a potion of heal wounds for 65 gold pieces
  4678 | D:4      | Bought a potion of curing for 39 gold pieces
  4746 | D:4      | Found Ipni's Antique Weapon Boutique.
  4748 | D:4      | Identified a scroll of acquirement
  4748 | D:4      | Acquired the +0 barding of the Maze {rElec Will+}
  4992 | D:5      | Entered Level 5 of the Dungeon
  5197 | D:5      | Reached skill level 1 in Spellcasting
  5197 | D:5      | Reached skill level 1 in Evocations
  5200 | D:5      | Reached skill level 1 in Conjurations
  5200 | D:5      | Reached skill level 1 in Earth Magic
  5200 | D:5      | Reached skill level 1 in Poison Magic
  5563 | D:5      | Noticed Ijyb
  5579 | D:5      | Killed Ijyb
  5580 | D:5      | Reached skill level 5 in Fighting
  5753 | D:5      | Noticed Pikel
  5787 | D:5      | Killed Pikel
  5788 | D:5      | Reached XP level 8. HP: 50/67 MP: 10/10
  5931 | D:5      | You pick up a book of Dreams and begin reading...
  5931 | D:5      | You add the spells Ensorcelled Hibernation and Anguish to
                  | your library.
  5931 | D:5      | You pick up a book of Touch and begin reading...
  5931 | D:5      | You add the spells Sticky Flame and Dispel Undead to your
                  | library.
  5942 | D:5      | Reached skill level 6 in Staves
  5942 | D:5      | Reached skill level 2 in Spellcasting
  5942 | D:5      | Reached skill level 2 in Evocations
  5994 | D:5      | Reached skill level 2 in Conjurations
  5994 | D:5      | Reached skill level 2 in Earth Magic
  5994 | D:5      | Reached skill level 2 in Poison Magic
  6071 | D:5      | Found a glowing silver altar of Zin.
  6266 | D:5      | Found a white marble altar of Elyvilon.
  6298 | D:6      | Found a glowing drain.
  6302 | D:6      | Reached ** piety under Lugonu
  6322 | Sewer    | Entered a sewer
  7022 | D:6      | Found Wosotz's Overcharged Wands.
  7067 | D:6      | Reached skill level 4 in Dodging
  7110 | D:6      | Found a shimmering blue altar of Sif Muna.
  7114 | D:6      | Reached XP level 9. HP: 73/73 MP: 12/12
  7120 | D:6      | Learned a level 4 spell: Olgreb's Toxic Radiance
  7126 | D:6      | Learned a level 5 spell: Lee's Rapid Deconstruction
  7131 | D:6      | Found an ancient bone altar of Kikubaaqudgha.
  7136 | D:6      | Reached skill level 6 in Fighting
  7139 | D:6      | Reached skill level 3 in Armour
  7150 | D:6      | Got Kikubaaqudgha's Handbook of Sinister Rituals
  7157 | D:6      | Found a radiant altar of Vehumet.
  7295 | D:6      | Found a shadowy altar of Dithmenos.
  7423 | D:6      | Found Napleg's General Store.
  7424 | D:6      | Found Biufror's Specific Store.
  7431 | D:6      | Bought a scroll of identify for 24 gold pieces
  7644 | D:7      | Reached *** piety under Lugonu
  7648 | D:7      | Noticed a troll
  7659 | D:7      | Found Reischak's General Store.
  7668 | D:7      | Noticed a boulder beetle
  7670 | D:7      | Noticed a six-headed hydra
  7675 | D:7      | Reached skill level 7 in Staves
  7675 | D:7      | Reached skill level 3 in Spellcasting
  7682 | D:7      | Killed a troll
  7683 | D:7      | Reached skill level 3 in Conjurations
  7683 | D:7      | Reached skill level 3 in Evocations
  7687 | D:7      | Reached skill level 3 in Earth Magic
  7976 | D:6      | HP: 13/75 [six-headed hydra (11)]
  8031 | D:5      | HP: 16/75 [six-headed hydra (9)]
  8221 | D:5      | HP: 18/75 [six-headed hydra (6)]
  8513 | D:7      | Found a broken altar of Ashenzari.
  8770 | D:7      | Reached skill level 7 in Fighting
  8770 | D:7      | Reached skill level 3 in Poison Magic
  8808 | D:7      | Reached XP level 10. HP: 65/84 MP: 13/15
  8836 | D:7      | Bought a scroll of identify for 32 gold pieces
  8868 | D:7      | Killed a boulder beetle
  9009 | D:7      | Identified the +0 leather armour of Resonance {Str+5 Int-5}
  9022 | D:7      | Identified the +8 mace "Kunaboam" {vorpal, rF+ Int+4 Dex-5}
  9022 | D:7      | Noticed a deep elf pyromancer
  9032 | D:7      | Killed a deep elf pyromancer
  9199 | D:7      | You add the spells Tukima's Dance, Passage of Golubria and
                  | Yara's Violent Unravelling to your library.
  9216 | D:7      | You pick up a book of Spatial Translocations and begin
                  | reading...
  9216 | D:7      | You add the spells Blink, Lesser Beckoning and Manifold
                  | Assault to your library.
  9430 | D:7      | Reached skill level 4 in Armour
  9661 | D:7      | Reached skill level 8 in Staves
  9778 | D:8      | Found a flagged portal.
  9787 | Bailey   | Entered a bailey
  9813 | Bailey   | Noticed an orc knight
  9840 | Bailey   | Killed an orc knight
  9841 | Bailey   | Reached skill level 5 in Dodging
  9841 | Bailey   | Reached skill level 4 in Spellcasting
  9841 | Bailey   | Reached skill level 4 in Evocations
  9843 | Bailey   | Reached **** piety under Lugonu
  9941 | Bailey   | Reached skill level 4 in Conjurations
  9941 | Bailey   | Reached skill level 4 in Earth Magic
 10090 | Bailey   | Noticed an orc knight
 10113 | Bailey   | Killed an orc knight
 10114 | Bailey   | Reached skill level 8 in Fighting
 10176 | Bailey   | Reached XP level 11. HP: 91/92 MP: 17/17
 10218 | Bailey   | Noticed an orc warlord
 10237 | Bailey   | HP: 19/92 [orc warlord/+3 battleaxe (15)]
 10263 | Bailey   | HP: 13/92 [orc warlord/bolt (32)]
 10265 | Bailey   | Shot with a bolt by an orc warlord

Vanquished Creatures
  A boulder beetle (D:7)
  Pikel (D:5)
  A deep elf pyromancer (D:7)
  2 orc knights (Bailey)
  A troll (D:7)
  A hornet (D:7)
  A slime creature (D:7)
  A shadow (D:6)
  5 yaks (D:7)
  A wraith (D:7)
  Eustachio (D:4)
  A steam dragon (D:7)
  An acid dragon (D:7)
  3 ice beasts
  3 black bears
  11 orc warriors
  A hornet zombie (D:7)
  A centaur (D:5)
  3 lemures (D:5)
  4 bullfrogs
  5 scorpions
  A wyvern skeleton (D:6)
  3 wights (D:7)
  2 howler monkeys (D:8)
  A bullfrog zombie (D:4)
  4 hounds
  Crazy Yiuf (D:2)
  A bullfrog skeleton (D:5)
  A centaur skeleton (D:7)
  3 iguanas
  Jessica (D:3)
  A scorpion zombie (D:5)
  Ijyb (D:5)
  8 orc wizards
  Natasha (thrice) (D:2)
  A killer bee zombie (D:7)
  Robin (D:2)
  10 gnolls
  A howler monkey skeleton (D:7)
  14 adders
  A river rat (D:6)
  2 ufetubi
  2 adder skeletons (D:4)
  2 dart slugs (D:1)
  6 worms
  28 orcs
  10 ball pythons
  A bat (D:3)
  8 endoplasms
  A giant cockroach (D:2)
  20 goblins
  9 hobgoblins
  5 jackals
  4 quokkas
  8 frilled lizards
  3 kobolds
  16 rats
233 creatures vanquished.

Vanquished Creatures (others)
  A yak (D:7)
  2 fungi (D:2)
  11 plants (D:7)
14 creatures vanquished.

Grand Total: 247 creatures vanquished

Table legend:
 A = Non-vault XP
 B = Vault XP
 C = Vault XP percentage of total XP
 D = Non-vault monster count
 E = Vault monster count
 F = Vault count percentage of total count
                 A         B        C        D         E       F
            +---------+---------+-------+---------+---------+-------
      Total |    4368 |    6926 |  61.3 |     128 |     103 |  44.6
            +---------+---------+-------+---------+---------+-------
        D:1 |      29 |       0 |   0.0 |      16 |       0 |   0.0
        D:2 |     126 |     115 |  47.7 |      17 |      15 |  46.9
        D:3 |     137 |      37 |  21.3 |      19 |       1 |   5.0
        D:4 |     242 |     196 |  44.7 |      20 |       1 |   4.8
        D:5 |     758 |     709 |  48.3 |      16 |       2 |  11.1
        D:6 |     722 |     513 |  41.5 |      11 |      11 |  50.0
        D:7 |    2243 |    3033 |  57.5 |      27 |      11 |  28.9
        D:8 |     111 |       0 |   0.0 |       2 |       0 |   0.0
      Sewer |       0 |      73 | 100.0 |       0 |      21 | 100.0
     Bailey |       0 |    2250 | 100.0 |       0 |      41 | 100.0
            +---------+---------+-------+---------+---------+-------

Illustrated notes

Table legend:
 A = Kills in this place as a percentage of kills in entire the game.
 B = Kills by you in this place as a percentage of kills by you in the entire game.
 C = Kills by friends in this place as a percentage of kills by friends in the entire game.
 D = Other kills in this place as a percentage of other kills in the entire game.
 E = Experience gained in this place as a percentage of experience gained in the entire game.
 F = Experience gained in this place divided by the number of levels of this place that you have seen.
                   A       B       C       D       E      F
               +-------+-------+-------+-------+-------+----------------------
         Total | 100.0 | 100.0 |   N/A | 100.0 | 100.0 | 1026.7
       Dungeon |  73.2 |  73.0 |   N/A | 100.0 |  79.4 | 1121.4
         Sewer |   9.1 |   9.1 |   N/A |   0.0 |   0.6 |  73.0
        Bailey |  17.7 |  17.8 |   N/A |   0.0 |  19.9 | 2250.0
               +-------+-------+-------+-------+-------+----------------------

Table legend: (Time is in decaauts)
 A = Elapsed time spent in this place.
 B = Non-inter-level travel time spent in this place.
 C = Inter-level travel time spent in this place.
 D = Time resting spent in this place.
 E = Time spent auto-exploring this place.
 F = Levels seen in this place.
 G = Mean time per level.
                   A        B        C        D        E       F      G
               +--------+--------+--------+--------+--------+-----+--------+
         Total |  10356 |   9960 |    396 |   1805 |   5796 |  11 |  941.5 |
       Dungeon |   9297 |   8917 |    380 |   1678 |   5288 |   8 | 1162.1 |
        Temple |    107 |     91 |     16 |      0 |     71 |   1 |  107.0 |
         Sewer |    487 |    487 |      0 |      0 |    315 |   1 |  487.0 |
        Bailey |    464 |    464 |      0 |    127 |    122 |   1 |  464.0 |
               +--------+--------+--------+--------+--------+-----+--------+

Top non-repeatable levels by time:
     D:2: 2366 daAuts
     D:5: 1652 daAuts
     D:6: 1350 daAuts
     D:4: 1086 daAuts
     D:7: 1071 daAuts
     D:1: 856 daAuts
     D:3: 820 daAuts
   Sewer: 487 daAuts
  Bailey: 464 daAuts
  Temple: 107 daAuts
     D:8: 92 daAuts
